 Dungeon Crawl Stone Soup version 0.23-a0-629-gae4348f (webtiles) character file.

162 galech the Skirmisher (level 5, 0/42 HPs)
             Began as a Demonspawn Fighter on Dec 26, 2018.
             Succumbed to an orc's poison
             ... on level 3 of the Dungeon.
             The game lasted 00:02:42 (2097 turns).

galech the Skirmisher (Demonspawn Fighter)          Turns: 2097, Time: 00:02:43

Health: 0/42       AC:  9    Str: 14 (17) XL:     5   Next: 19%
Magic:  3/5        EV:  4    Int:  7 (9)  God:
Gold:   30         SH:  8    Dex: 12 (13) Spells: 4/4 levels left

rFire    . . .     SeeInvis .   a - +0 war axe
rCold    . . .     Gourm    .   c - +0 shield
rNeg     . . .     Faith    .   k - +0 chain mail
rPois    .         Spirit   +   (no helmet)
rElec    .         Reflect  .   (no cloak)
rCorr    .         Harm     .   (no gloves)
MR       .....                  (no boots)
Stlth    ..........             (no amulet)
HPRegen  0.14/turn              (no ring)
MPRegen  0.18/turn              (no ring)

@: lethally poisoned (0 -> -28)
A: hooves 2, magic shield, magic regeneration
a: no special abilities


You were on level 3 of the Dungeon.
You were hungry.

You visited 1 branch of the dungeon, and saw 3 of its levels.

You collected 30 gold pieces.

Inventory:

Hand Weapons
 a - a +0 war axe (weapon)
Armour
 c - a +0 shield (worn)
 k - a +0 chain mail (worn)
Scrolls
 g - 2 scrolls of remove curse {unknown}
 j - a scroll of amnesia {unknown}
 l - a scroll of random uselessness {unknown}
 m - a scroll of noise {unknown}
 p - 2 scrolls of identify {unknown}
 q - a scroll of teleportation {unknown}
Potions
 b - a potion of agility {unknown}
 d - a potion of might
 e - a potion of mutation {unknown}
 h - 2 potions of invisibility
 i - a potion of heal wounds {unknown}
 n - a potion of degeneration
 o - a potion of lignification {unknown}
Comestibles
 f - 4 rations
 r - 5 chunks of flesh


   Skills:
 + Level 3.6 Fighting
 + Level 3.2 Axes
 + Level 3.2 Armour
 + Level 0.4 Dodging
 + Level 3.5 Shields


You had 4 spell levels left.
You didn't know any spells.
Your spell library was empty.

Dungeon Overview and Level Annotations

Branches:
Dungeon (3/15)

Altars:
Ashenzari
Elyvilon


Innate Abilities, Weirdness & Mutations

You have hoof-like feet.
When hurt, damage is shared between your health and your magic reserves.
You regenerate magic rapidly.


Message History

The orc barely misses you.
You closely miss the orc. You kick the orc, but do no damage.
The orc is moderately wounded.
You hit the worm.
* * * LOW HITPOINT WARNING * * *
You feel very sick. The worm bites you.
* * * LOW HITPOINT WARNING * * *
You block the orc's attack.
* * * LOW HITPOINT WARNING * * *
You feel sick.
The orc hits you with a +2 dagger of venom.
* * * LOW HITPOINT WARNING * * *
The worm barely misses you.
* * * LOW HITPOINT WARNING * * *
You feel very sick.
It was a potion of degeneration.
There was something very wrong with that liquid.
You feel weakened.
You feel dopey.
You feel clumsy.
You die...

########
#......# #<# #
#.# #
#.####.##.#
#........[#
###..###)####
.......#@#####
#......ow)..###
##..#..[g.......
# ###.###.##.#
#.# # #.. ####


You could see a worm, an orc and a goblin.

Vanquished Creatures
  2 orc wizards (D:3)
  4 adders (D:2)
  2 leopard geckos
  An orc (D:3)
  8 giant cockroaches
  6 goblins
  7 hobgoblins
  10 jackals
  A ball python (D:2)
  9 bats
  2 frilled lizards
  5 kobolds
  15 rats
72 creatures vanquished.

Notes
Turn   | Place    | Note
-------+----------+-------------------------------------------
     0 | D:1      | galech the Demonspawn Fighter began the quest for the Orb.
     0 | D:1      | Reached XP level 1. HP: 18/18 MP: 1/1
    62 | D:1      | Gained mutation: When hurt, damage is shared between your
                  | health and your magic reserves. [demonic ancestry]
    62 | D:1      | Reached XP level 2. HP: 9/24 MP: 2/2
   383 | D:1      | Gained mutation: You have large cloven feet. [demonic
                  | ancestry]
   383 | D:1      | Reached XP level 3. HP: 29/29 MP: 1/3
   918 | D:2      | Gained mutation: You have hoof-like feet. [demonic
                  | ancestry]
   918 | D:2      | Reached XP level 4. HP: 15/35 MP: 2/4
  1233 | D:2      | Found a shattered altar of Ashenzari.
  1844 | D:2      | Found a white marble altar of Elyvilon.
  2076 | D:3      | Gained mutation: You regenerate magic rapidly. [demonic
                  | ancestry]
  2076 | D:3      | Reached XP level 5. HP: 41/41 MP: 5/5
  2096 | D:3      | HP: 2/42 [poisoned by an orc]
  2097 | D:3      | Succumbed to an orc's poison

Vault maps used:
D:1:      lightli_arrival_lavapool, serial_bayou_crossing
D:2:      marbit_many_paths, evilmike_ruin_ashenzari
D:3:      lemuel_doored_altar, old_standard_altar, nicolae_tso_carved_into_rock,
          overflow_temple_1_default, chequers_ecumenical_altar_simple_redux

Skill      XL: |  1  2  3  4 |
---------------+-------------+-----
Axes           | 2 3 |  3.2
Shields        | 3 |  3.5
Armour         | 3 |  3.2
Fighting       | |  3.6
Dodging        | |  0.4

Action                   |  1- 3 |  4- 6 || total
-------------------------+-------+-------++-------
Melee: War axe           |   163 |    97 ||   260
       Kick              |    10 |    26 ||    36
  Use: Potion            |     1 |     1 ||     2
  Eat: Chunk             |       |     4 ||     4
Armor: Scale mail        |    47 |       ||    47
       Chain mail        |    56 |    97 ||   153
Dodge: Dodged            |    52 |    26 ||    78
Block: Shield            |    96 |    65 ||   161

Table legend:
 A = Non-vault XP
 B = Vault XP
 C = Vault XP percentage of total XP
 D = Non-vault monster count
 E = Vault monster count
 F = Vault count percentage of total count
                 A         B        C        D         E       F
            +---------+---------+-------+---------+---------+-------
      Total |     231 |       1 |   0.4 |      71 |       1 |   1.4
            +---------+---------+-------+---------+---------+-------
        D:1 |      58 |       0 |   0.0 |      37 |       0 |   0.0
        D:2 |      96 |       1 |   1.0 |      30 |       1 |   3.2
        D:3 |      77 |       0 |   0.0 |       4 |       0 |   0.0
            +---------+---------+-------+---------+---------+-------
